 Dungeon Crawl Stone Soup version 0.27.1-15-g792fb953b9 (webtiles) character file.

Game seed: 13254798644854512133

3864 ddubois the Covert (level 9, -4/45 HPs)
             Began as a Spriggan Delver on Nov 19, 2021.
             Was a Believer of Vehumet.
             Shot with an arrow by a centaur warrior (22 damage)
             ... on level 9 of the Dungeon.
             The game lasted 01:02:26 (14934 turns).

ddubois the Covert (Spriggan Delver)               Turns: 14934, Time: 01:02:27

Health: -4/45      AC:  6    Str:  8    XL:     9   Next: 99%
Magic:  16/16      EV: 18    Int: 14    God:    Vehumet [**....]
Gold:   420        SH:  0    Dex: 17    Spells: 3/16 levels left

rFire    . . .     SeeInvis +   a - +0 dagger (venom)
rCold    . . .     Faith    .   (shield restricted)
rNeg     . . .     Spirit   .   h - +0 robe
rPois    .         Reflect  .   (helmet restricted)
rElec    .         Harm     .   (no cloak)
rCorr    .         Rampage  .   (gloves unavailable)
Will     +....                  (boots unavailable)
Stlth    +++++.....             H - amulet of magic regeneration
HPRegen  0.15/turn              i - +4 ring of protection
MPRegen  0.40/turn              m - ring of wizardry

@: very quick
A: very small, no large weapons, unfitting armour, see invisible, speed 3
a: Renounce Religion


You were on level 9 of the Dungeon.
You worshipped Vehumet.
Vehumet was pleased with you.
You visited 2 branches of the dungeon, and saw 10 of its levels.

You collected 420 gold pieces.

Inventory:

Hand Weapons
 a - a +0 dagger of venom (weapon)
 b - a +0 spear of freezing
 s - a +0 hunting sling
 Q - a +5 scimitar
Missiles
 o - 194 stones
 q - 28 poisoned darts (quivered)
 u - 3 throwing nets
 x - 186 arrows
 z - 35 sling bullets
 C - 4 silver boomerangs
 F - a curare-tipped dart
 K - 72 bolts
 M - 3 boomerangs
Armour
 h - a +0 robe (worn)
Jewellery
 i - a +4 ring of protection (left hand)
 m - a ring of wizardry (right hand)
 H - an amulet of magic regeneration (around neck)
 O - a ring of resist corrosion
Wands
 g - a wand of digging (6)
 l - a wand of flame (15)
 y - a wand of charming (4)
 D - a wand of iceblast (27)
Scrolls
 c - 3 scrolls of fog
 d - a scroll of magic mapping
 e - a scroll of fear
 j - a scroll of silence {unknown}
 p - 3 scrolls of blinking {unknown}
 t - a scroll of summoning {unknown}
 w - a scroll of noise {unknown}
 A - 4 scrolls of teleportation {unknown}
 I - a scroll of vulnerability {unknown}
 J - a scroll of identify
 L - a scroll of brand weapon {unknown}
 N - a scroll of immolation {unknown}
 P - a scroll of amnesia {unknown}
Potions
 f - 3 potions of haste
 k - a potion of heal wounds
 n - 2 potions of brilliance
 r - a potion of invisibility
 v - a potion of ambrosia
 B - 3 potions of curing
 E - 3 potions of lignification {unknown}
 G - a potion of might {unknown}


   Skills:
 - Level 4.0 Fighting
 + Level 4.2 Short Blades
 - Level 0.1 Polearms
 - Level 4.0 Dodging
 - Level 10.0 Stealth
 - Level 4.0 Spellcasting
 + Level 5.9 Conjurations
 + Level 7.6 Hexes
 + Level 4.5 Ice Magic
 - Level 2.0 Air Magic


You had 3 spell levels left.
You knew the following spells:

 Your Spells              Type           Power      Damage    Failure   Level
a - Magic Dart            Conj           76%        1d6       1%          1
b - Static Discharge      Conj/Air       13%        N/A       2%          2
c - Fulminant Prism       Conj/Hex       10%        3d9       4%          4
d - Ensorcelled Hibernat  Hex/Ice        38%        N/A       1%          2
e - Blink                 Tloc           N/A        N/A       12%         2
f - Foxfire               Conj/Fire      44%        2x1d6     2%          1
g - Shock                 Conj/Air       52%        1d6       1%          1

Your spell library contained the following spells:

 Spells                   Type           Power      Damage    Failure   Level
 Searing Ray              Conj           38%        3d4       1%          2
 Lesser Beckoning         Tloc           1%         N/A       22%         3
 Spider Form              Tmut/Pois      1%         N/A       22%         3
 Lightning Bolt           Conj/Air       6%         1d18      38%         5
 Manifold Assault         Tloc           2%         N/A       88%         5
 Shadow Creatures         Summ           N/A        N/A       100%        6
 Maxwell's Capacitive Co  Air            4%         ∞         100%        8


Dungeon Overview and Level Annotations

Branches:
Dungeon (9/15)             Temple (1/1) D:7            Lair (0/6) D:9
    Orc: D:9-12

Altars:
Ashenzari
Cheibriados
Dithmenos
Elyvilon
Fedhas
Gozag
Hepliaklqana
Kikubaaqudgha
Makhleb
Nemelex Xobeh
Okawaru
Qazlal
Ru
Sif Muna
Trog
Uskayaw
Vehumet
Wu Jian
Xom
Yredelemnul
Zin
The Shining One

Annotations:
D:3 exclusion: door
D:9 Erolcha


Innate Abilities, Weirdness & Mutations

You are very small and have problems with some larger weapons.
You are too small for most types of armour.
You have supernaturally acute eyesight. (SInv)
You cover ground extremely quickly. (Speed+++)


Message History

Casting: Foxfire (safe; 2% risk of failure)
Confirm with . or Enter, or press ? or * to list all spells.
You conjure some foxfire!
The foxfire hits the wight.
You destroy the wight!
Vehumet accepts your kill.
You feel your power returning.
Your foxfire dissipates!
The kobold shouts!
The kobold throws a stone.
The stone misses you. The kobold closely misses you.
You hit the kobold.
The kobold is poisoned.
The kobold is moderately wounded.
The kobold misses you.
You hit the kobold but do no damage.
The kobold looks as sick as possible!
The kobold is severely wounded.
You kill the kobold!
Vehumet accepts your kill.
No target in view!
o - 194 stones (gained 5)
A - 4 scrolls labelled SEBEKK VUUMN (gained 1)
You now have 420 gold pieces (gained 15).
You see here a +0 long sword.
The killer bee buzzes angrily.
You miss the killer bee. The killer bee misses you.
The killer bee stings you but does no damage.
You hit the killer bee.
The killer bee is poisoned.
The killer bee is lightly wounded.
The killer bee closely misses you.
You hit the killer bee.
The killer bee looks as sick as possible!
The killer bee is heavily wounded.
The killer bee misses you. x2
You kill the killer bee!
Vehumet accepts your kill.
The centaur warrior shoots an arrow.
The arrow hits you!
There is a stone staircase leading up, spattered with blood here.
The centaur warrior shoots an arrow.
The arrow hits you!
The centaur warrior shoots an arrow.
The arrow hits you!!
You die...

#.##.#..............!##>.###..###
.).#.........#............ .o....
##.......#...###.......... o.....
###......#.#.##c..#....... ...
#..........#.#..#####..... ..
..............).###.......
.>#..<.....°°○○........### .
..#........°####.###...# z.
..........°.# #@## .# .#
..........### ##..## #
...........####....########### .
............##)............... .
..............................
.........#..#...............#
........##..................#
#........#..##..##..>.......# #.
#.........).#..##...........#...


You could see a centaur warrior.

Vanquished Creatures
  Joseph (D:7)
  Sigmund (D:3)
  Eustachio (D:6)
  A steam dragon (D:5)
  An ice beast (D:6)
  2 orc warriors
  2 sky beasts
  2 ogres
  5 centaurs
  A phantom (D:4)
  A kobold brigand (D:8)
  6 bullfrogs
  4 scorpions
  A wyvern zombie (D:7)
  A wyvern skeleton (D:7)
  8 killer bees
  3 wights
  A jelly (D:6)
  A centaur skeleton (D:7)
  A centaur zombie (D:7)
  A hound (D:5)
  3 orc priests
  A bullfrog skeleton (D:6)
  5 iguanas
  5 orc wizards
  A hound skeleton (D:4)
  A howler monkey zombie (D:9)
  8 adders
  2 white imps
  2 ufetubi (D:5)
  A worm (D:2)
  2 dart slugs
  34 orcs
  6 ball pythons
  7 bats
  9 endoplasms
  2 giant cockroaches
  4 goblins
  4 hobgoblins
  12 jackals
  6 quokkas
  2 frilled lizards
  16 kobolds
  9 rats
187 creatures vanquished.

Vanquished Creatures (others)
  55 foxfires
  4 fulminant prisms
59 creatures vanquished.

Grand Total: 246 creatures vanquished

Notes
Turn   | Place    | Note
-------+----------+-------------------------------------------
     0 | D:5      | ddubois the Spriggan Delver began the quest for the Orb.
     0 | D:5      | Reached XP level 1. HP: 11/11 MP: 2/2
     1 | D:5      | Noticed an iguana
    12 | D:5      | Noticed a centaur
    26 | D:4      | Noticed a phantom
   104 | D:4      | Noticed a scorpion
   158 | D:3      | Reached XP level 2. HP: 11/16 MP: 3/3
   342 | D:3      | Noticed Sigmund
   345 | D:3      | Reached skill level 8 in Stealth
   420 | D:3      | Reached XP level 3. HP: 19/19 MP: 4/4
   465 | D:3      | Killed Sigmund
   466 | D:3      | Reached skill level 9 in Stealth
   466 | D:3      | Reached XP level 4. HP: 24/24 MP: 5/5
   466 | D:3      | Reached XP level 5. HP: 28/28 MP: 6/6
   832 | D:3      | Noticed a phantom
  1191 | D:2      | Learned a level 1 spell: Magic Dart
  1194 | D:2      | Learned a level 2 spell: Static Discharge
  2585 | D:3      | Found a snail-covered altar of Cheibriados.
  2715 | D:3      | Reached XP level 6. HP: 32/32 MP: 7/7
  3001 | D:3      | Reached skill level 1 in Spellcasting
  3006 | D:3      | Learned a level 4 spell: Fulminant Prism
  3112 | D:4      | Reached skill level 1 in Air Magic
  3884 | D:4      | Reached skill level 1 in Conjurations
  3884 | D:4      | Reached skill level 1 in Hexes
  3918 | D:4      | Found an ornate altar of the Wu Jian Council.
  4054 | D:4      | Reached XP level 7. HP: 36/36 MP: 10/10
  4434 | D:4      | Reached skill level 10 in Stealth
  4711 | D:4      | Found an ornate altar of the Wu Jian Council.
  5263 | D:5      | Found a large runed translucent door.
  5264 | D:5      | Found a large runed translucent door.
  5824 | D:5      | You fall into a shaft and drop 3 floors!
  6137 | D:7      | Found a staircase to the Ecumenical Temple.
  6153 | Temple   | Entered the Ecumenical Temple
  6277 | Temple   | Became a worshipper of Vehumet
  6426 | D:6      | Noticed Eustachio
  6525 | D:6      | Reached XP level 8. HP: 27/42 MP: 3/13
  7044 | D:5      | Found a white marble altar of Elyvilon.
  7108 | D:5      | Found a basalt altar of Yredelemnul.
  7442 | D:5      | Learned a level 2 spell: Ensorcelled Hibernation
  7871 | D:6      | Reached skill level 1 in Ice Magic
  8221 | D:5      | Found a blossoming altar of Fedhas.
  8224 | D:5      | Found an opulent altar of Gozag.
  8847 | D:6      | Killed Eustachio
  9326 | D:6      | Found a burning altar of Makhleb.
  9572 | D:7      | Reached skill level 5 in Hexes
  9572 | D:7      | Reached XP level 9. HP: 37/45 MP: 10/16
  9590 | D:6      | Learned a level 2 spell: Blink
  9724 | D:7      | Noticed Joseph
 10550 | D:7      | Reached skill level 5 in Conjurations
 11271 | D:8      | Reached * piety under Vehumet
 11271 | D:8      | Offered knowledge of Foxfire by Vehumet.
 11279 | D:7      | Learned a level 1 spell: Foxfire
 11763 | D:7      | Killed Joseph
 12617 | D:9      | Noticed a boulder beetle
 12659 | D:9      | Noticed a boulder beetle
 12659 | D:9      | Noticed a white ugly thing
 12660 | D:9      | Noticed a brown ugly thing
 12661 | D:9      | Noticed a centaur warrior
 13533 | D:9      | Offered knowledge of Shock by Vehumet.
 13536 | D:9      | Reached ** piety under Vehumet
 13837 | D:9      | Noticed Erolcha
 13846 | D:8      | Learned a level 1 spell: Shock
 13861 | D:9      | Found a staircase to the Lair.
 14934 | D:9      | Shot with an arrow by a centaur warrior

Illustrated notes

Levels and vault maps discovered:
D:1:      sevenhm_arrival_forest_fort_small_5, layout_rooms, st_stairs_11
D:2:      layout_rooms, corexii_shack
D:3:      layout_loops_ring, cheibrodos_worm_habitat, uniq_sigmund
D:4:      layout_loops_cross, nicolae_wu_jian_immortal_techniques,
          minmay_fractal_squares_diagonal_5
D:5:      layout_basic, kennysheep_ying_yang, jmf_multi_god_temple2
D:6:      layout_loops_ring, lightli_temple_of_fire, nrook_mini_vaults,
          uniq_eustachio
D:7:      layout_loops_ring, minmay_temple_entry_arrows, uniq_joseph
D:8:      layout_rooms
D:9:      layout_cave_pools, lair_entry_dummy, special_room [special_room_orc],
          minmay_radiant, uniq_erolcha
Temple:   regret_index_temple_waves

Skill      XL: |  1  2  3  4  5  6  7  8  9 |
---------------+----------------------------+-----
Stealth        | 8 9 10 | 10.0
Fighting       | 3 4 |  4.0
Short Blades   | 3 4 |  4.2
Dodging        | 3 4 |  4.0
Spellcasting   | 1 3 4 |  4.0
Air Magic      | 1 2 |  2.0
Conjurations   | 1 2 4 5 |  5.9
Hexes          | 1 2 5 7 |  7.6
Ice Magic      | 2 4 |  4.5
Polearms       | |  0.1

Action                   |  1- 3 |  4- 6 |  7- 9 || total
-------------------------+-------+-------+-------++-------
Melee: Spear             |    20 |    78 |    19 ||   117
       Short sword       |     7 |   210 |   168 ||   385
       Dagger            |       |       |   121 ||   121
Throw: Stone             |       |     1 |       ||     1
       Dart              |       |       |    62 ||    62
 Cast: Magic Dart        |       |    16 |    21 ||    37
       Static Discharge  |       |       |   130 ||   130
       Foxfire           |       |       |    33 ||    33
       Ensorcelled Hiber |       |       |     4 ||     4
       Fulminant Prism   |       |       |     4 ||     4
Evoke: Wand              |       |       |     7 ||     7
  Use: Scroll            |       |       |     6 ||     6
       Potion            |       |       |     3 ||     3
 Stab: Sleeping          |     3 |    27 |    21 ||    51
       Distracted        |       |       |     3 ||     3
Armor: Robe              |     1 |    28 |    88 ||   117
Dodge: Dodged            |    15 |   163 |   393 ||   571
